Map: [ESL] Inside and Out

Players

Creator - Winner!

  • Race: Protoss Protoss
  • Spawn Location: 1:00

Astrea

  • Race: Protoss Protoss
  • Spawn Location: 7:00

Event: DreamHack SC2 Masters 2022 Valencia

VOD

Have the link to the VOD?

Description

Time

  • Played on: July 1, 2022, 2:20 p.m.
  • Length: 27:30

All games in this series

Show
View Real Time Build Order
Export as new Build Order

Creator Protoss - Winner!

Build Orders: Oracle Opening 

Get SALT Encoding   

  12  0:00  Probe  
  13  0:12  Probe  
  14  0:19  Pylon  
  14  0:24  Probe  
  15  0:37  Probe (Chrono Boost), Gateway  
  16  0:47  Probe (Chrono Boost), Assimilator  
  17  0:52  Probe (Chrono Boost)  
  18  1:00  Assimilator  
  18  1:03  Probe (Chrono Boost)  
  19  1:11  Pylon  
  19  1:15  Probe (Chrono Boost)  
  20  1:20  Probe (Chrono Boost)  
  21  1:25  Cybernetics Core  
  21  1:29  Probe  
  21  1:31  Zealot  
  24  1:41  Probe  
  25  1:53  Probe  
  26  1:58  Pylon  
  26  2:03  Stargate  
  26  2:04  Stalker (Chrono Boost)  
  28  2:18  Cybernetics Core  
  28  2:25  Stalker  
  28  2:29  Warp Gate  
  30  2:34  Pylon  
  29  2:52  Oracle (Chrono Boost)  
  32  3:05  Probe  
  33  3:12  Nexus  
  33  3:17  Probe  
  34  3:30  Probe  
  33  3:40  Twilight Council  
  33  3:43  Probe, Gateway  
  34  3:53  Pylon  
  34  3:55  Probe, Shield Battery  
  35  3:57  Oracle (Chrono Boost)  
  38  4:08  Probe  
  38  4:17  Zealot  
  38  4:20  Blink (Chrono Boost)  
  38  4:21  Probe  
  37  4:37  Stalker  
  37  4:38  Stalker  
  36  4:40  Probe (Chrono Boost)  
  36  4:44  Probe (Chrono Boost)  
  38  4:52  Probe (Chrono Boost)  
  40  5:00  Probe (Chrono Boost), Gateway  
  40  5:01  Stalker  
  40  5:03  Probe (Chrono Boost)  
  43  5:12  Stalker  
  45  5:15  Probe  
  45  5:16  Probe  
  47  5:24  Stalker  
  47  5:27  Probe  
  47  5:28  Probe  
  51  5:36  Stalker  
  51  5:42  Nexus  
  53  5:50  Stalker  
  53  5:51  Probe  
  53  5:52  Pylon, Probe  
  53  5:55  Stalker  
  59  5:59  Stalker  
  61  6:05  Probe  
  61  6:07  Pylon  
  61  6:10  Probe  
  63  6:12  Shield Battery  
  63  6:15  Stalker  
  65  6:21  Probe  
  65  6:22  Probe  
  67  6:28  Stalker  
  67  6:29  Stalker  
  71  6:37  Probe x2  
  70  6:41  Assimilator  
  70  6:43  Forge  
  70  6:45  Robotics Facility  
  70  6:47  Shield Battery  
  70  6:50  Probe x2 (Chrono Boost)  
  70  6:52  Stalker  
  74  6:54  Probe (Chrono Boost)  
  77  7:01  Probe x2 (Chrono Boost)  
  77  7:04  Probe (Chrono Boost)  
  77  7:06  Probe x2 (Chrono Boost)  
  77  7:08  Stalker  
  82  7:09  Probe (Chrono Boost)  
  82  7:15  Stalker  
  85  7:16  Probe  
  85  7:18  Probe  
  85  7:21  Pylon  
  85  7:22  Probe  
  88  7:25  Protoss Ground Weapons Level 1 (Chrono Boost)  
  88  7:26  Pylon  
  88  7:28  Probe  
  89  7:33  Probe, Gateway  
  89  7:34  Gateway  
  89  7:36  Pylon  
  90  7:37  Stalker  
  92  7:47  Assimilator  
  92  7:48  Pylon, Assimilator  
  92  7:51  Gateway  
  92  7:52  Gateway  
  92  7:55  Probe x3  
  92  7:56  Gateway  
  94  7:58  Immortal (Chrono Boost)  
  98  8:06  Sentry, Zealot x2  
  103  8:30  Observer (Chrono Boost)  
  99  8:44  Stalker x4  
  99  8:45  Probe x3  
  111  8:49  Observer (Chrono Boost), Nexus  
  111  8:50  Pylon  
  111  8:55  Zealot  
  111  9:05  Immortal  
  115  9:10  Templar Archives  
  115  9:11  Zealot x3  
  115  9:12  Zealot x3  
  115  9:14  Protoss Ground Weapons Level 2 (Chrono Boost)  
  115  9:15  Pylon  
  115  9:16  Photon Cannon  
  125  9:22  Photon Cannon  
  125  9:27  Pylon  
  125  9:29  Pylon  
  125  9:32  Charge (Chrono Boost)  
  125  9:33  Probe x3  
  128  9:39  Stalker x2  
  132  9:46  Probe x3  
  132  9:49  Zealot x2  
  139  9:52  Warp Prism  
  139  10:01  Probe x2  
  139  10:02  Probe x2  
  139  10:03  High Templar x2  
  147  10:07  Archon  
  147  10:10  Sentry  
  147  10:11  Zealot x2  
  153  10:16  Photon Cannon  
  153  10:20  Probe  
  153  10:21  Probe x2, Shield Battery  
  156  10:30  High Templar x2, Zealot  
  156  10:32  Pylon x2  
  156  10:33  Pylon  
  156  10:34  Archon  
  162  10:38  Observer (Chrono Boost)  
  161  10:43  Zealot  
  161  10:45  Gateway  
  161  10:47  Gateway  
  163  11:01  Robotics Bay, Zealot x5  
  173  11:04  Robotics Facility  
  173  11:10  Immortal (Chrono Boost)  
  169  11:11  Stalker  
  169  11:12  Stalker x2  
  169  11:16  Pylon  
  179  11:19  Probe  
  179  11:20  Probe x3  
  179  11:21  Pylon  
  179  11:25  Stalker x2  
  187  11:32  Protoss Ground Weapons Level 3 (Chrono Boost)  
  185  11:39  Assimilator  
  185  11:40  Assimilator  
  185  11:42  Nexus, Assimilator  
  185  11:46  Zealot  
  185  11:47  Zealot  
  189  11:51  Disruptor (Chrono Boost)  
  189  11:54  Zealot x2  
  196  11:59  Disruptor (Chrono Boost)  
  199  12:06  Photon Cannon  
  196  12:12  Pylon  
  199  12:16  Probe  
  199  12:21  Dark Shrine  
  199  12:22  Disruptor (Chrono Boost)  
  200  12:25  Shield Battery  
  200  12:26  Photon Cannon  
  200  12:32  Disruptor (Chrono Boost)  
  191  12:37  Gravitic Boosters  
  191  12:41  Photon Cannon  
  191  12:42  Stalker x3  
  191  12:43  Shield Battery  
  197  12:46  Photon Cannon  
  197  12:49  Photon Cannon  
  197  12:51  Shield Battery  
  197  12:58  Stalker x4  
  199  13:15  Disruptor (Chrono Boost)  
  200  13:25  Disruptor (Chrono Boost)  
  198  13:31  Stalker x2  
  200  13:36  Photon Cannon  
  200  13:38  Pylon  
  199  13:44  Observer, Shield Battery  
  193  13:52  Dark Templar x2  
  193  13:53  Stalker  
  193  13:54  Shadow Stride  
  197  14:05  Gateway  
  197  14:06  Observer  
  197  14:07  Gateway  
  198  14:10  Protoss Ground Armor Level 1 (Chrono Boost)  
  198  14:12  Gateway  
  198  14:16  Disruptor  
  196  14:17  Dark Templar x2  
  196  14:23  Assimilator  
  200  14:25  Photon Cannon  
  200  14:37  Pylon  
  196  14:40  Disruptor  
  188  14:48  Stalker x8  
  188  14:51  Disruptor  
  192  15:00  Gateway  
  192  15:01  Gateway  
  192  15:03  Gateway  
  192  15:16  Observer  
  173  15:24  Stalker x5  
  173  15:25  Stalker x8  
  173  15:27  Disruptor  
  190  15:45  Disruptor  
  188  15:51  Zealot x3  
  188  15:52  Zealot x9  
  175  16:06  Disruptor  
  175  16:10  Dark Templar x2  
  154  16:21  Observer  
  122  16:39  Stalker x4  
  127  16:43  Observer  
  120  16:48  Stalker x3  
  118  16:56  High Templar x4  
  119  17:06  Archon x2  
  106  17:25  Stalker x8  
  122  17:34  Disruptor x2 (Chrono Boost)  
  128  17:57  Pylon  
  128  17:59  Stalker x3  
  128  18:00  Disruptor (Chrono Boost)  
  128  18:01  Observer  
  140  18:09  Nexus, Disruptor (Chrono Boost)  
  140  18:13  Probe  
  140  18:16  Probe x2  
  140  18:19  Observer, Photon Cannon, Probe  
  144  18:30  Observer  
  145  18:36  Photon Cannon  
  145  18:47  Dark Templar x4  
  151  19:06  Zealot x6  
  151  19:07  Zealot  
  164  19:22  Stalker x3  
  168  19:29  Disruptor  
  168  19:31  Zealot x2  
  169  19:51  Photon Cannon  
  169  19:53  Shield Battery  
  169  19:54  Pylon  
  169  20:04  Dark Templar x5  
  176  20:15  Disruptor x2 (Chrono Boost)  
  172  20:28  Stalker x5  
  182  20:45  Observer (Chrono Boost)  
  182  20:48  Stalker x4  
  191  20:50  Dark Templar  
  191  20:51  Dark Templar  
  164  21:14  Dark Templar x3, Zealot x3  
  168  21:29  Observer  
  168  21:30  Zealot x4  
  168  21:31  Zealot x2  
  178  21:43  Stalker x3  
  178  21:44  Observer  
  181  21:55  Stalker x2  
  181  21:59  Dark Templar  
  182  22:13  Probe x4, Assimilator  
  182  22:14  Assimilator  
  183  22:40  Pylon  
  183  22:41  Pylon  
  183  22:42  Pylon  
  183  22:51  Pylon  
  183  22:52  Pylon  
  183  22:57  Disruptor  
  186  22:59  Disruptor (Chrono Boost)  
  174  23:07  Stalker x5  
  179  23:22  Zealot x3  
  178  23:30  Disruptor (Chrono Boost)  
  178  23:31  Stalker x2  
  184  23:35  Probe  
  183  23:47  Stalker x3  
  189  24:06  Stalker x4  
  197  24:15  Observer  
  198  24:25  Observer  
  199  24:36  Observer  
  199  24:50  Nexus  
  199  24:52  Pylon  
  199  25:29  Photon Cannon  
  199  25:32  Photon Cannon  
  199  25:34  Shield Battery  
  199  25:35  Shield Battery  
  197  25:37  Pylon  
  193  25:43  Disruptor (Chrono Boost)  
  193  25:44  Observer  
  181  25:58  Disruptor (Chrono Boost)  
  181  26:01  Stalker x2, Dark Templar x2  
  181  26:02  Stalker x4  
  198  26:15  Assimilator  
  198  26:17  Assimilator  
  198  26:26  Stalker  
  178  27:04  Stalker x8  
  178  27:05  Stalker x3  
Show
View Real Time Build Order
Export as new Build Order

Astrea Protoss 

Build Orders:  

Get SALT Encoding   

  12  0:00  Probe  
  13  0:12  Probe  
  14  0:17  Pylon  
  14  0:24  Probe (Chrono Boost)  
  15  0:36  Probe (Chrono Boost), Gateway  
  16  0:44  Probe (Chrono Boost)  
  16  0:46  Assimilator  
  17  0:51  Probe  
  17  0:54  Assimilator  
  18  1:03  Probe (Chrono Boost)  
  19  1:04  Pylon  
  20  1:12  Probe (Chrono Boost)  
  20  1:18  Probe  
  20  1:24  Cybernetics Core  
  21  1:30  Probe  
  22  1:36  Zealot  
  24  1:42  Probe  
  25  1:54  Probe  
  25  1:56  Pylon  
  26  2:03  Warp Gate  
  26  2:06  Probe  
  29  2:14  Pylon  
  29  2:18  Probe  
  29  2:20  Stalker (Chrono Boost)  
  29  2:30  Probe  
  29  2:35  Nexus  
  30  2:42  Probe  
  30  2:44  Sentry (Chrono Boost)  
  33  2:55  Probe  
  34  2:59  Shield Battery  
  34  3:05  Gateway  
  34  3:07  Probe  
  34  3:09  Stalker (Chrono Boost)  
  37  3:16  Pylon  
  37  3:23  Probe  
  37  3:35  Probe  
  37  3:43  Twilight Council  
  37  3:47  Probe  
  38  3:52  Stalker  
  41  3:59  Probe  
  41  4:02  Stalker  
  43  4:03  Probe  
  43  4:11  Probe  
  43  4:15  Probe  
  45  4:24  Probe  
  44  4:28  Probe  
  43  4:32  Blink (Chrono Boost)  
  43  4:36  Probe  
  42  4:40  Probe  
  42  4:42  Pylon  
  43  4:48  Probe  
  43  4:51  Stalker x2  
  43  4:52  Probe  
  47  5:00  Probe  
  47  5:05  Probe  
  47  5:06  Gateway  
  49  5:08  Gateway  
  49  5:12  Probe  
  48  5:19  Adept x2  
  52  5:22  Probe  
  52  5:23  Pylon  
  52  5:27  Shield Battery  
  53  5:35  Probe x2  
  55  5:39  Robotics Facility  
  55  5:41  Assimilator  
  55  5:45  Stalker x2  
  59  5:57  Pylon  
  59  5:59  Probe  
  60  6:06  Stalker x2  
  60  6:08  Stalker x2  
  66  6:16  Pylon  
  65  6:39  Stalker x4  
  69  6:40  Observer (Chrono Boost)  
  69  6:44  Nexus  
  69  6:58  Dark Shrine  
  69  6:59  Probe x2  
  69  7:01  Observer (Chrono Boost)  
  72  7:02  Stalker x3  
  78  7:11  Probe  
  78  7:14  Stalker  
  81  7:20  Warp Prism (Chrono Boost)  
  81  7:26  Pylon  
  81  7:28  Pylon, Forge  
  83  7:37  Probe  
  83  7:41  Probe  
  85  7:48  Stalker x3  
  85  7:49  Probe  
  92  7:53  Probe  
  92  7:56  Protoss Ground Weapons Level 1 (Chrono Boost)  
  93  8:02  Probe x2  
  93  8:12  Dark Templar x2  
  97  8:15  Probe  
  97  8:19  Probe  
  99  8:33  Probe  
  96  8:38  Probe x2  
  91  8:43  Dark Templar  
  91  8:44  Stalker x3  
  91  8:45  Probe  
  100  8:49  Assimilator  
  100  8:59  Nexus  
  98  9:04  Probe  
  98  9:09  Shield Battery  
  94  9:12  Stalker x2  
  94  9:13  Stalker  
  94  9:17  Pylon  
  100  9:18  Probe x2  
  100  9:19  Stalker  
  104  9:30  Pylon x2  
  104  9:32  Pylon  
  104  9:33  Probe x2  
  104  9:36  Gateway  
  106  9:38  Gateway  
  106  9:40  Stalker x3, Gateway  
  106  9:41  Observer (Chrono Boost), Gateway  
  106  9:43  Stalker  
  116  9:45  Probe x2  
  116  9:48  Probe  
  116  9:50  Protoss Ground Weapons Level 2 (Chrono Boost)  
  118  9:53  Observer  
  118  9:57  Probe  
  118  9:58  Probe  
  120  10:01  Probe  
  121  10:09  Stalker x3  
  121  10:10  Probe, Shield Battery  
  121  10:11  Pylon, Probe  
  121  10:12  Stalker  
  131  10:18  Observer, Probe  
  132  10:23  Probe x3  
  132  10:25  Assimilator  
  133  10:30  Probe  
  133  10:33  Stalker x2  
  133  10:34  Robotics Bay  
  133  10:35  Probe  
  139  10:36  Photon Cannon, Assimilator  
  139  10:42  Probe  
  140  10:46  Stalker x3  
  145  10:59  Probe x2  
  147  11:07  Stalker x2  
  147  11:08  Stalker x3  
  156  11:12  Photon Cannon, Pylon, Assimilator  
  156  11:15  Photon Cannon  
  156  11:18  Disruptor (Chrono Boost)  
  156  11:24  Robotics Facility  
  159  11:26  Photon Cannon  
  159  11:38  Zealot x3  
  159  11:39  Zealot x3  
  171  11:43  Charge  
  171  11:45  Pylon  
  171  11:46  Pylon  
  171  11:48  Shadow Stride  
  171  11:51  Assimilator  
  171  11:53  Pylon  
  171  12:02  Disruptor (Chrono Boost)  
  171  12:04  Nexus  
  171  12:05  Protoss Ground Weapons Level 3 (Chrono Boost)  
  174  12:11  Disruptor (Chrono Boost)  
  174  12:13  Pylon  
  174  12:14  Pylon  
  177  12:20  Pylon, Gravitic Boosters (Chrono Boost)  
  177  12:21  Pylon  
  177  12:23  Zealot x5  
  177  12:28  Disruptor (Chrono Boost)  
  187  12:31  Pylon  
  190  12:39  Observer (Chrono Boost)  
  190  12:42  Photon Cannon, Pylon  
  189  12:51  Nexus  
  169  12:59  Disruptor  
  169  13:02  Disruptor  
  169  13:05  Zealot x8  
  187  13:15  Observer  
  171  13:20  Observer  
  171  13:26  Zealot x8  
  185  13:29  Photon Cannon, Shield Battery  
  185  13:33  Observer, Probe x2  
  185  13:34  Probe x3  
  190  13:35  Disruptor  
  190  13:37  Disruptor  
  190  13:40  Gateway  
  196  13:41  Gateway  
  196  13:45  Probe  
  196  13:46  Probe x2  
  196  14:02  Zealot x2  
  198  14:13  Disruptor  
  185  14:18  Stalker x6  
  185  14:20  Pylon  
  197  14:32  Stargate  
  197  14:35  Protoss Air Weapons Level 1  
  169  14:52  Stalker x8  
  173  14:53  Stalker x2  
  187  15:07  Photon Cannon  
  187  15:12  Photon Cannon  
  183  15:17  Assimilator  
  183  15:20  Assimilator  
  158  15:28  Zealot x7  
  168  15:29  Dark Templar x3  
  158  15:39  Disruptor (Chrono Boost)  
  142  15:52  Stalker x3  
  142  15:53  Stalker x4  
  142  15:55  Disruptor (Chrono Boost)  
  137  16:17  Stalker x6  
  137  16:18  Stalker x4  
  144  16:21  Probe x3  
  144  16:22  Probe x2  
  136  16:31  Disruptor x2 (Chrono Boost)  
  122  16:42  Zealot x10  
  118  16:48  Probe  
  99  17:02  Disruptor (Chrono Boost)  
  99  17:03  Stalker x10, Disruptor (Chrono Boost)  
  103  17:33  Dark Templar x5  
  103  17:35  Stalker x5  
  103  17:36  Observer, Disruptor (Chrono Boost)  
  115  17:53  Nexus  
  115  17:59  Stalker x5  
  123  18:10  Disruptor (Chrono Boost)  
  129  18:16  Disruptor (Chrono Boost)  
  129  18:34  Nexus, Pylon  
  129  18:42  Stalker x5  
  129  18:43  Stalker  
  129  18:46  Disruptor  
  144  18:53  Dark Templar  
  144  18:54  Observer  
  140  19:26  Stalker x6  
  140  19:27  Stalker x3  
  140  19:29  Photon Cannon  
  150  19:39  Disruptor x2  
  146  19:54  Stalker x4  
  152  20:15  Disruptor x2, Probe x2  
  153  20:22  Observer  
  145  20:38  Nexus  
  145  20:41  Dark Templar x3, Zealot x4  
  145  20:42  Dark Templar x2  
  162  20:48  Pylon  
  160  20:51  Disruptor  
  138  21:32  Nexus  
  130  21:56  Disruptor x2  
  136  22:04  Nexus  
  132  22:14  Stalker x5  
  132  22:15  Stalker x5  
  140  22:20  Pylon  
  140  22:35  Observer x2 (Chrono Boost)  
  139  22:45  Probe  
  139  22:46  Probe x3  
  141  22:59  Stalker x2  
  141  23:00  Stalker x5  
  134  23:18  Disruptor x2  
  106  23:35  Probe x3  
  106  23:36  Probe x2  
  104  23:47  Probe  
  103  23:54  Disruptor  
  106  23:57  Disruptor  
  109  24:06  Dark Templar  
  111  24:23  Shield Battery  
  111  24:24  Probe x2  
  112  25:07  Dark Templar x3  
  112  25:08  Dark Templar x2  
  112  25:09  Dark Templar x3  
  112  25:14  Archon x4  
  126  25:16  Stalker  
  121  25:39  Stalker x2  
  111  26:01  Observer x2 (Chrono Boost)  
  106  26:17  Nexus, Dark Templar  
  108  26:22  Probe x3  
  107  26:44  Dark Templar  
  64  27:03  Stalker  
  64  27:04  Stalker x3  

Tags
 
Add a new tag
Caveats
  • Supply blocks, unpowered buildings, or Contaminate may cause inaccurate times.
  • Supply counts are checked every 10 seconds.